3AAA
AUGUSTA TIMBER HAWKS @ PORT ROYAL DISASTER
09/02/2032
 
TOP OF THE 1ST
Augusta Timber Hawks batting - Pitching for Port Royal Disaster : RHP Miguel Angel Martínez
Pitching: RHP Miguel Angel Martínez
Batting: LHB José Pérez 0-0: Ground out 1-3 (Groundball, 13)
Batting: RHB Juan Chávez 0-0: Ball
1-0: Swinging Strike
1-1: SINGLE (Groundball, 4MD)
Batting: LHB Mike Houston 0-0: SINGLE (Line Drive, 34)
Juan Chávez to second
Batting: RHB Norm Chodorow 0-0: Foul Ball, location: 2F
0-1: Ball
1-1: Swinging Strike
1-2: Ball
2-2: Foul Ball, location: 2F
2-2: Fly out, F8 (Flyball, 8LM)
Batting: LHB Fa-tang Wang 0-0: Called Strike
0-1: Swinging Strike
0-2: Ball
1-2: Ball
2-2: Fly out, F8 (Line Drive, 8RM)
Top of the 1st over - 0 runs, 2 hits, 0 errors, 2 left on base; Augusta 0 - Port Royal 0
BOTTOM OF THE 1ST
Port Royal Disaster batting - Pitching for Augusta Timber Hawks : RHP Nicolas Roche
Pitching: RHP Nicolas Roche
Batting: RHB Loren Stallings 0-0: Foul Ball, location: 2F
0-1: Swinging Strike
0-2: Foul Ball, location: 2F
0-2: Ball
1-2: Ball
2-2: SINGLE (Groundball, 6D)
Batting: RHB Mike Case 0-0: Foul Ball, location: 2F
0-1: Ground out 6-3 (Groundball, 6M)
Loren Stallings to second
Batting: RHB Gary Chalmers 0-0: Ball
1-0: Reached via error on a dropped throw, E1
Loren Stallings to third
Batting: SHB Jesús Rodríguez 0-0: Swinging Strike
0-1: Ball
1-1: Ball
2-1: Ball
3-1: Base on Balls
Gary Chalmers to second
Batting: SHB Ramón García 0-0: Called Strike
0-1: Called Strike
0-2: Ball
1-2: Foul Ball, location: 2F
1-2: Foul Ball, location: 2F
1-2: Strikes out swinging
Batting: LHB Ricky Payton 0-0: Ball
1-0: Swinging Strike
1-1: Swinging Strike
1-2: Ground out 4-3 (Groundball, 4)
Bottom of the 1st over - 0 runs, 1 hit, 1 error, 3 left on base; Augusta 0 - Port Royal 0
TOP OF THE 2ND
Augusta Timber Hawks batting - Pitching for Port Royal Disaster : RHP Miguel Angel Martínez
Batting: RHB Dave Yates 0-0: Ball
1-0: Ball
2-0: Ball
3-0: Swinging Strike
3-1: Base on Balls
Batting: SHB Yun-qi Chien 0-0: Foul Ball, location: 2F
0-1: Ball
1-1: SINGLE (Groundball, 3D)
Dave Yates to second
Runner from 2nd tries for 3rd, SAFE, no throw
Batting: RHB David Martínez 0-0: Ball
1-0: Ball
2-0: Ball
3-0: Called Strike
3-1: Swinging Strike
3-2: Strikes out looking
Yun-qi Chien steals 2nd base
Batter strikes out.
Batting: RHB Kenny Fleming 0-0: Foul Ball, location: 2F
0-1: Ball
1-1: Ball
2-1: Foul Ball, location: 2F
2-2: Strikes out swinging
Batting: LHB José Pérez 0-0: Foul Ball, location: 2F
0-1: Called Strike
0-2: Ball
1-2: Foul Ball, location: 2F
1-2: Foul Ball, location: 2F
1-2: Ground out 5-3 (Groundball, 5L)
Top of the 2nd over - 0 runs, 1 hit, 0 errors, 2 left on base; Augusta 0 - Port Royal 0
BOTTOM OF THE 2ND
Port Royal Disaster batting - Pitching for Augusta Timber Hawks : RHP Nicolas Roche
Batting: RHB Nelson Abbey 0-0: Ball
1-0: SINGLE (Line Drive, 34)
Batting: RHB Winston Sparks 0-0: Called Strike
0-1: Swinging Strike
0-2: Ball
1-2: Foul Ball, location: 2F
1-2: Ball
2-2: Ball
3-2: Fly out, F8 (Flyball, 8LS)
Batting: SHB Arsenio Sameiro 0-0: Called Strike
Nelson Abbey steals 2nd base
0-1: Foul Ball, location: 2F
0-2: Ball
1-2: Fly out, F8 (Flyball, 89D)
Runner from 2nd tags up, SAFE at 3rd, no throw
Batting: RHB Loren Stallings 0-0: Ball
1-0: Ball
2-0: Ball
3-0: Called Strike
3-1: Base on Balls
Batting: RHB Mike Case 0-0: Foul Ball, location: 2F
0-1: Ball
1-1: Ball
Wild Pitch!
Nelson Abbey scores
Loren Stallings to second
2-1: Ball
3-1: Foul Ball, location: 2F
3-2: Foul Ball, location: 2F
3-2: Base on Balls
Batting: RHB Gary Chalmers 0-0: Ball
1-0: Called Strike
1-1: Ball
2-1: Fly out, F9 (Flyball, 89D)
Bottom of the 2nd over - 1 run, 1 hit, 0 errors, 2 left on base; Augusta 0 - Port Royal 1
TOP OF THE 3RD
Augusta Timber Hawks batting - Pitching for Port Royal Disaster : RHP Miguel Angel Martínez
Batting: RHB Juan Chávez 0-0: Ball
1-0: Swinging Strike
1-1: Foul Ball, location: 2F
1-2: Ball
2-2: Ball
3-2: Ground out 6-3 (Groundball, 6M)
Batting: LHB Mike Houston 0-0: Ball
1-0: Swinging Strike
1-1: Swinging Strike
1-2: Ball
2-2: Ball
3-2: Strikes out swinging
Batting: RHB Norm Chodorow 0-0: Foul Ball, location: 2F
0-1: Called Strike
0-2: Ball
1-2: Ground out 5-3 (Groundball, 56)
Top of the 3rd over - 0 runs, 0 hits, 0 errors, 0 left on base; Augusta 0 - Port Royal 1
BOTTOM OF THE 3RD
Port Royal Disaster batting - Pitching for Augusta Timber Hawks : RHP Nicolas Roche
Batting: SHB Jesús Rodríguez 0-0: Called Strike
0-1: Foul Ball, location: 2F
0-2: Strikes out swinging
Batting: SHB Ramón García 0-0: Ground out 6-3 (Groundball, 6)
Batting: LHB Ricky Payton 0-0: Foul Ball, location: 2F
0-1: Ball
1-1: Ground out U3 (Groundball, 3)
Bottom of the 3rd over - 0 runs, 0 hits, 0 errors, 0 left on base; Augusta 0 - Port Royal 1
TOP OF THE 4TH
Augusta Timber Hawks batting - Pitching for Port Royal Disaster : RHP Miguel Angel Martínez
Batting: LHB Fa-tang Wang 0-0: Ball
1-0: Ground out 4-3 (Groundball, 4D)
Batting: RHB Dave Yates 0-0: Ball
1-0: Foul Ball, location: 2F
1-1: SINGLE (Groundball, 56D)
Batting: SHB Yun-qi Chien 0-0: Ball
Dave Yates is caught stealing 2nd base
1-0: Ball
2-0: Ball
3-0: Called Strike
3-1: Base on Balls
Batting: RHB David Martínez 0-0: Ball
Yun-qi Chien is caught stealing 2nd base
Top of the 4th over - 0 runs, 1 hit, 0 errors, 0 left on base; Augusta 0 - Port Royal 1
BOTTOM OF THE 4TH
Port Royal Disaster batting - Pitching for Augusta Timber Hawks : RHP Nicolas Roche
Batting: RHB Nelson Abbey 0-0: Ball
1-0: Foul Ball, location: 2F
1-1: Ball
2-1: Foul Ball, location: 2F
2-2: SINGLE (Line Drive, 56)
Batting: RHB Winston Sparks 0-0: Called Strike
0-1: Called Strike
0-2: Ball
1-2: Foul Ball, location: 2F
1-2: Strikes out swinging
Batting: SHB Arsenio Sameiro 0-0: Ball
Throwing error on steal attempt, E2
Nelson Abbey to third
1-0: SINGLE (Line Drive, 9S)
Nelson Abbey scores
Batting: RHB Loren Stallings 0-0: Swinging Strike
0-1: Fly out, F9 (Line Drive, 9LM)
Batting: RHB Mike Case 0-0: Ball
1-0: Swinging Strike
1-1: Fly out, F9 (Line Drive, 9D)
Bottom of the 4th over - 1 run, 2 hits, 1 error, 1 left on base; Augusta 0 - Port Royal 2
TOP OF THE 5TH
Augusta Timber Hawks batting - Pitching for Port Royal Disaster : RHP Miguel Angel Martínez
Batting: RHB David Martínez 0-0: Ball
1-0: Foul Ball, location: 2F
1-1: Foul Ball, location: 2F
1-2: Foul Ball, location: 2F
1-2: Foul Ball, location: 2F
1-2: Ball
2-2: Strikes out looking
Batting: RHB Kenny Fleming 0-0: Foul Ball, location: 2F
0-1: Ball
1-1: Ball
2-1: Ball
3-1: Base on Balls
Pitching: RHP Esteban García
Batting: LHB José Pérez 0-0: DOUBLE (Line Drive, 7LM)
Kenny Fleming to third
Batting: RHB Juan Chávez 0-0: Ball
1-0: Foul Ball, location: 2F
1-1: Ball
2-1: Ball
3-1: Foul Ball, location: 2F
3-2: Base on Balls
Batting: LHB Mike Houston 0-0: Ball
1-0: Called Strike
1-1: Foul Ball, location: 2F
1-2: Ball
2-2: Ball
3-2: Base on Balls
Kenny Fleming scores
José Pérez to third
Juan Chávez to second
Batting: RHB Norm Chodorow 0-0: Called Strike
0-1: Grounds into double play, 5-4-3 (Groundball, 56)
Top of the 5th over - 1 run, 1 hit, 0 errors, 2 left on base; Augusta 1 - Port Royal 2
BOTTOM OF THE 5TH
Port Royal Disaster batting - Pitching for Augusta Timber Hawks : RHP Nicolas Roche
Batting: RHB Gary Chalmers 0-0: Called Strike
0-1: Ball
1-1: Ball
2-1: Foul Ball, location: 2F
2-2: Ball
3-2: Strikes out swinging
Batting: SHB Jesús Rodríguez 0-0: Ball
1-0: Ball
2-0: Ball
3-0: Base on Balls
Batting: SHB Ramón García 0-0: Called Strike
0-1: Foul Ball, location: 2F
0-2: Fly out, F2 (Popup, 13S)
Pitching: RHP Gary Bailey
Batting: LHB Ricky Payton 0-0: Ball
1-0: Swinging Strike
1-1: Foul Ball, location: 2F
1-2: Ball
2-2: Fly out, F2 (Popup, 2RF)
Bottom of the 5th over - 0 runs, 0 hits, 0 errors, 1 left on base; Augusta 1 - Port Royal 2
TOP OF THE 6TH
Augusta Timber Hawks batting - Pitching for Port Royal Disaster : RHP Esteban García
Batting: LHB Fa-tang Wang 0-0: Foul Ball, location: 2F
0-1: Ball
1-1: Called Strike
1-2: Foul Ball, location: 2F
1-2: Foul Ball, location: 2F
1-2: Ball
2-2: Foul Ball, location: 2F
2-2: Ball
3-2: Base on Balls
Batting: RHB Dave Yates 0-0: Ball
1-0: Bunted foul
1-1: Sac Bunt - play at first, batter OUT! 5-4
Fa-tang Wang to second
Batting: SHB Yun-qi Chien 0-0: Called Strike
0-1: Ball
1-1: Fly out, F5 (Popup, 15S)
Batting: RHB David Martínez 0-0: Ball
1-0: Ball
2-0: Ball
3-0: Base on Balls
Batting: RHB Kenny Fleming 0-0: Called Strike
0-1: Ball
1-1: Swinging Strike
1-2: Strikes out swinging
Top of the 6th over - 0 runs, 0 hits, 0 errors, 2 left on base; Augusta 1 - Port Royal 2
BOTTOM OF THE 6TH
Port Royal Disaster batting - Pitching for Augusta Timber Hawks : RHP Gary Bailey
Batting: RHB Nelson Abbey 0-0: Ball
1-0: Ball
2-0: Ball
3-0: Called Strike
3-1: Base on Balls
Batting: RHB Winston Sparks 0-0: Bunted foul
0-1: Bunt - Flyout! F1
Batting: SHB Arsenio Sameiro 0-0: Called Strike
0-1: Foul Ball, location: 2F
0-2: Ball
1-2: Fly out, F8 (Flyball, 8LD)
Batting: RHB Loren Stallings 0-0: Ball
1-0: Ground out 1-3 (Groundball, 13S)
Bottom of the 6th over - 0 runs, 0 hits, 0 errors, 1 left on base; Augusta 1 - Port Royal 2
TOP OF THE 7TH
Augusta Timber Hawks batting - Pitching for Port Royal Disaster : RHP Esteban García
Batting: LHB José Pérez 0-0: Called Strike
0-1: Ball
1-1: Ball
2-1: Fly out, F8 (Flyball, 78D)
Batting: RHB Juan Chávez 0-0: Swinging Strike
0-1: Swinging Strike
0-2: Ball
1-2: Strikes out swinging
Batting: LHB Mike Houston 0-0: Ball
1-0: Foul Ball, location: 2F
1-1: Ball
2-1: Ball
3-1: Base on Balls
Pitching: RHP Alfredo Hernández
Batting: RHB Norm Chodorow 0-0: Ball
Mike Houston is caught stealing 2nd base
Top of the 7th over - 0 runs, 0 hits, 0 errors, 0 left on base; Augusta 1 - Port Royal 2
BOTTOM OF THE 7TH
Port Royal Disaster batting - Pitching for Augusta Timber Hawks : RHP Gary Bailey
Batting: RHB Mike Case 0-0: SINGLE (Line Drive, 8RS)
Batting: RHB Gary Chalmers 0-0: Ball
1-0: Ball
2-0: Ball
3-0: Base on Balls
Mike Case to second
Batting: SHB Jesús Rodríguez 0-0: 3-RUN HOME RUN (Flyball, 9D), Distance : 396 ft
Pitching: LHP Gary Barber
Batting: SHB Ramón García 0-0: Ball
1-0: Called Strike
1-1: Foul Ball, location: 2F
1-2: SINGLE (Groundball, 56D)
Batting: LHB Ricky Payton 0-0: Ball
1-0: Sac Bunt - play at first, batter OUT! 2-4
Ramón García to second
Batting: RHB Nelson Abbey 0-0: Reached on error, E3 (Groundball, 2R)
Ramón García to third
Batting: RHB Winston Sparks 0-0: Ball
1-0: Grounds into double play, 4-6-3 (Groundball, 4M)
Bottom of the 7th over - 3 runs, 3 hits, 1 error, 1 left on base; Augusta 1 - Port Royal 5
TOP OF THE 8TH
Augusta Timber Hawks batting - Pitching for Port Royal Disaster : RHP Alfredo Hernández
Batting: RHB Norm Chodorow 0-0: SINGLE (Groundball, 56) (infield hit)
Batting: LHB Fa-tang Wang 0-0: Ball
1-0: Swinging Strike
1-1: Ball
2-1: Swinging Strike
2-2: Strikes out swinging
Batting: RHB Dave Yates 0-0: Ball
1-0: Swinging Strike
1-1: Called Strike
1-2: Fielders Choice at 2nd, 6-4 (Groundball, 6)
Batting: SHB Yun-qi Chien 0-0: Ball
1-0: Foul Ball, location: 2F
1-1: Swinging Strike
1-2: Ball
2-2: Foul Ball, location: 2F
2-2: Ball
3-2: SINGLE (Groundball, 4) (infield hit)
Dave Yates to second
Batting: RHB David Martínez 0-0: Called Strike
0-1: Fly out, F5 (Popup, 5S)
Top of the 8th over - 0 runs, 2 hits, 0 errors, 2 left on base; Augusta 1 - Port Royal 5
BOTTOM OF THE 8TH
Port Royal Disaster batting - Pitching for Augusta Timber Hawks : LHP Gary Barber
Batting: SHB Arsenio Sameiro 0-0: Swinging Strike
0-1: Ball
1-1: Foul Ball, location: 2F
1-2: Strikes out swinging
Batting: RHB Loren Stallings 0-0: Ground out 5-3 (Groundball, 56S)
Batting: RHB Mike Case 0-0: Called Strike
0-1: Ground out 5-3 (Groundball, 56)
Bottom of the 8th over - 0 runs, 0 hits, 0 errors, 0 left on base; Augusta 1 - Port Royal 5
TOP OF THE 9TH
Augusta Timber Hawks batting - Pitching for Port Royal Disaster : RHP Alfredo Hernández
Batting: RHB Kenny Fleming 0-0: Ball
1-0: Foul Ball, location: 2F
1-1: Ball
2-1: Foul Ball, location: 2F
2-2: Foul Ball, location: 2F
2-2: Ball
3-2: Strikes out swinging
Batting: LHB José Pérez 0-0: Ball
1-0: Called Strike
1-1: Ground out 4-3 (Groundball, 34D)
Batting: RHB Juan Chávez 0-0: Fly out, F4 (Line Drive, 4M)
Top of the 9th over - 0 runs, 0 hits, 0 errors, 0 left on base; Augusta 1 - Port Royal 5
Wednesday, September 19th, 2018 - OOTP Baseball 18.8 Build 76